 Dungeon Crawl Stone Soup version 0.32-a0-886-g41c5271 (webtiles) character file.

Game seed: 4793659558946238309

205182 rotlqkf the Ruinous (level 18, -3/85 HPs)
             Began as a Deep Elf Conjurer on Apr 2, 2024.
             Was the Champion of Vehumet.
             Slain by a +3 glaive of venom (23 damage)
             ... on level 2 of the Elven Halls.
             The game lasted 01:17:37 (32941 turns).

rotlqkf the Ruinous (Deep Elf Conjurer)            Turns: 32941, Time: 01:17:38

Health: -3/85      AC:  8    Str:  4    XL:     18   Next: 3%
Magic:  31/45      EV: 11    Int: 41    God:    Vehumet [******]
Gold:   2191       SH:  0    Dex: 22    Spells: 29/59 levels left

rFire   + + +        S - staff of air
rCold   + . .        E - orb {*channel}
rNeg    + . .        e - +0 troll leather armour
rPois   .            (helmet restricted)
rElec   +            Z - scarf {rC+ rF+}
rCorr   .            X - +2 pair of gloves
SInv    .            T - +1 pair of boots
Will    +....        L - amulet "Nuecow" {Acrobat rElec Dex+3}
Stlth   ++           m - +6 ring of intelligence
HPRegen 1.14/turn    U - ring of Liberty {*Slow rF++ rN+ Int+3 Dex+6}
MPRegen 0.29/turn

%: random rage (3%), slow self (1%), acrobat, channel magic (20%)
@: about to teleport, studying Fire Magic
A: horns 1, berserk 1, wild magic 1
}: 1/15 runes: decaying
a: Renounce Religion


You were on level 2 of the Elven Halls.
You worshipped Vehumet.
Vehumet was exalted by your worship.
You visited 6 branches of the dungeon, and saw 29 of its levels.
You also visited: Volcano.

You collected 2784 gold pieces.
You spent 593 gold pieces at shops.

Inventory:

Missiles
 R - 3 throwing nets
Armour
 e - a +0 troll leather armour (worn)
 z - the +2 buckler of the Doldrums {Fly rC+ Will+}
   (You found it on level 5 of the Lair of Beasts)

   rC+:       It protects you from cold.
   Will+:     It increases your willpower.
   Fly:       It grants you flight.
 E - an orb of energy (worn)
 T - a +1 pair of boots (worn)
 X - a +2 pair of gloves (worn)
 Z - a scarf of resistance (worn)
Magical Staves
 j - a staff of conjuration
 S - a staff of air (weapon)
Jewellery
 i - a ring of willpower
 m - a +6 ring of intelligence (left hand)
 q - a ring of protection from cold
 C - a +6 ring of intelligence
 L - the amulet "Nuecow" (around neck) {Acrobat rElec Dex+3}
   (You found it on level 15 of the Dungeon)

   [amulet of the acrobat]

   Acrobat:   It increases your evasion while moving and waiting.
   Dex+3:     It affects your dexterity (+3).
   rElec:     It insulates you from electricity.
 P - a ring of poison resistance
 Q - a ring of magical power
 U - the ring of Liberty (right hand) {*Slow rF++ rN+ Int+3 Dex+6}
   (You found it on level 5 of the Lair of Beasts)

   [ring of dexterity]

   Int+3:     It affects your intelligence (+3).
   Dex+6:     It affects your dexterity (+6).
   rF++:      It greatly protects you from fire.
   rN+:       It protects you from negative energy.
   *Slow:     It may slow you when you take damage.
Wands
 a - a wand of iceblast (16)
 b - a wand of light (18)
Scrolls
 c - 6 scrolls of amnesia
 f - 5 scrolls of fear
 g - 2 scrolls of poison
 l - 3 scrolls of enchant armour {unknown}
 n - 6 scrolls of fog
 s - 3 scrolls of teleportation
 u - 4 scrolls of vulnerability
 w - 4 scrolls of immolation
 x - a scroll of torment
 y - a scroll of silence
 A - a scroll of blinking
 D - 3 scrolls of enchant weapon
 F - 3 scrolls of revelation {unknown}
 H - a scroll of identify
 K - 2 scrolls of brand weapon {unknown}
Potions
 d - 5 potions of cancellation
 h - 9 potions of curing
 k - 5 potions of attraction
 o - a potion of lignification {unknown}
 p - 3 potions of ambrosia
 r - 8 potions of might
 v - 7 potions of heal wounds
 B - 4 potions of resistance
 I - 4 potions of haste {unknown}
 J - 2 potions of enlightenment {unknown}
 M - 4 potions of degeneration {unknown}
 O - 2 potions of invisibility {unknown}
 V - 3 potions of mutation
 W - a potion of berserk rage {unknown}
 Y - 4 potions of brilliance {unknown}
Miscellaneous
 t - a phantom mirror
 G - a box of beasts
 N - a lightning rod (4/4)


   Skills:
 - Level 2.4 Dodging
 - Level 2.4 Stealth
 + Level 21.4 Spellcasting
 - Level 23.0 Conjurations
 - Level 4.0 Translocations
 - Level 10.0 Fire Magic
 - Level 18.0 Air Magic
 - Level 8.0 Alchemy


You had 29 spell levels left.
You knew the following spells:

 Your Spells              Type           Power      Damage    Failure   Level
a - Magic Dart            Conj           100%       1d8       1%          1
b - Searing Ray           Conj           100%       2d8       1%          2
c - Fulminant Prism       Conj/Alch      61%        3d26      1%          4
d - Iskenderun's Mystic   Conj/Tloc      100%       2d19      (+2d11%     4
e - Olgreb's Toxic Radia  Alch           97%        N/A       1%          4
f - Stone Arrow           Conj/Erth      100%       3d13      1%          3
g - Conjure Ball Lightni  Conj/Air       80%        3x3d30    1%          6
h - Plasma Beam           Fire/Air       71%        2x1d88    1%          6

Your spell library contained the following spells:

 Spells                   Type           Power      Damage    Failure   Level
 Ozocubu's Refrigeration  Ice            27%        4d13      95%         7
 Foxfire                  Conj/Fire      100%       2x1d9     1%          1
 Shock                    Conj/Air       100%       1d9       1%          1
 Sting                    Conj/Alch      100%       1d9       1%          1
 Mercury Vapours          Alch/Air       100%       N/A       1%          2
 Momentum Strike          Conj/Tloc      100%       3d10      1%          2
 Swiftness                Air            100%       N/A       1%          3
 Volatile Blastmotes      Fire/Tloc      100%       2d18      1%          3
 Airstrike                Air            77%        2d(11-27) 1%          4
 Ignite Poison            Fire/Alch      100%       N/A       1%          4
 Sticky Flame             Fire/Alch      100%       2d15      1%          4
 Iskenderun's Battlesphe  Conj           100%       2d15      1%          5
 Starburst                Conj/Fire      62%        6d16      1%          6
 Bombard                  Conj/Erth      54%        9d9       2%          6
 Vhi's Electric Charge    Tloc/Air       100%       N/A       3%          4
 Apportation              Tloc           100%       N/A       4%          1
 Blink                    Tloc           100%       N/A       4%          2
 Lesser Beckoning         Tloc           100%       N/A       4%          2
 Yara's Violent Unravell  Hex/Alch       39%        3d16      5%          5
 Silence                  Hex/Air        62%        N/A       7%          5
 Spellforged Servitor     Conj/Summ      54%        N/A       7%          7
 Necrotise                Necr           100%       1d9       8%          1
 Summon Small Mammal      Summ           100%       N/A       8%          1
 Jinxbite                 Hex            100%       N/A       10%         2
 Leda's Liquefaction      Alch/Erth      39%        N/A       12%         4
 Passage of Golubria      Tloc           79%        N/A       12%         4
 Petrify                  Alch/Erth      79%        N/A       12%         4
 Call Canine Familiar     Summ           54%        N/A       14%         3
 Passwall                 Erth           54%        N/A       14%         3
 Sigil of Binding         Hex            54%        N/A       14%         3
 Dimensional Bullseye     Hex/Tloc       34%        N/A       19%         4
 Lehudib's Crystal Spear  Conj/Erth      54%        10d13     30%         8
 Ignition                 Fire           52%        3d14      45%         8
 Metabolic Englaciation   Hex/Ice        27%        N/A       56%         5
 Enfeeble                 Hex            27%        N/A       100%        7


Dungeon Overview and Level Annotations

Branches:
Dungeon (15/15)            Temple (1/1) D:6            Lair (5/5) D:10
  Swamp (4/4) Lair:3       Spider (0/4) Lair:2        Slime (0/5) Lair:5
    Orc (2/2) D:10            Elf (2/3) Orc:2        Vaults (0/5) D:13
 Depths (0/4) D:15        Volcano (visited)

Altars:
Ashenzari
Cheibriados
Dithmenos
Elyvilon
Fedhas
Gozag
Hepliaklqana
Kikubaaqudgha
Makhleb
Nemelex Xobeh
Okawaru
Qazlal
Ru
Sif Muna
Trog
Uskayaw
Vehumet
Wu Jian
Xom
Yredelemnul
Zin
The Shining One
Jiyva

Shops:
D:2 *   D:6 [   Orc:2 ![:!*

Portals:
Pandemonium: Orc:2

Annotations:
Temple 4 transporters
Lair:4 exclusion: 4 oklob plants
Orc:2 2 transporters, Dega's ghost, journeyman SpHu


Innate Abilities, Weirdness & Mutations

You have a pair of small horns on your head.
You sometimes lose your temper in combat.
Your spells are a little harder to cast, but a little more powerful.


Message History

You feel your power returning.
The mystic blast hits the +0 hand axe of flaming!
The +0 hand axe of flaming is severely damaged.
The +0 hand axe of flaming is knocked back by the mystic blast.
Your surroundings suddenly seem different. 5 dancing weapons, a deep elf zephyrmancer and 2 deep elf pyromancers come into view.
There is a +3 vampiric halberd.
There is a +2 flail of protection.
There is a +3 glaive of venom.
There is a +1 eveningstar of freezing.
There is a +1 flail of holy wrath.
Found 2 scrolls of enchant weapon.
Unknown command.
As you read the scroll of teleportation, it crumbles to dust.
You feel strangely unstable.
The deep elf pyromancer shouts!
The +2 flail of protection barely misses you.
The +3 glaive of venom hits you from afar!
* * * LOW HITPOINT WARNING * * *
The deep elf zephyrmancer closely misses you.
Casting: Iskenderun's Mystic Blast (mildly dangerous; 1% risk of failure)
Confirm with . or Enter, or press ? or * to list all spells.
You erupt in a blast of force!
The mystic blast hits the +3 vampiric halberd.
The +3 vampiric halberd is lightly damaged.
The +3 vampiric halberd is knocked back by the mystic blast.
The mystic blast hits the +3 glaive of venom!
The +3 glaive of venom is heavily damaged.
The +3 glaive of venom is knocked back by the mystic blast.
The +3 glaive of venom slams into the stone wall!
The +3 glaive of venom is severely damaged.
The mystic blast hits the +2 flail of protection.
The +2 flail of protection is lightly damaged.
The +2 flail of protection is knocked back by the mystic blast.
The mystic blast hits the deep elf zephyrmancer!
The deep elf zephyrmancer is moderately wounded.
The deep elf zephyrmancer is knocked back by the mystic blast.
The deep elf zephyrmancer collides with the +3 glaive of venom!
The +3 glaive of venom is almost destroyed.
The deep elf zephyrmancer is severely wounded.
The deep elf pyromancer shouts!
You hear a shout!
A +2 war axe of freezing comes into view.
The +3 glaive of venom hits you from afar!!
You die...

##...###
......#
....(##
.....#
....#
#.(.#
##...#
#(e@.#
#....#
#.....#
.....(.#
.........#
..(ee??..#
.........#
.(.......#


You could see 2 deep elf pyromancers, a deep elf zephyrmancer and 6 dancing
weapons.

Vanquished Creatures
  the Lernaean hydra (Swamp:4)
  Rupert (Lair:4)
  Frances (Elf:1)
  A thorn hunter (Swamp:3)
  Donald (Elf:1)
  Aizul (Swamp:2)
  3 fenstrider witches
  Louise (D:15)
  The ghost of korenl137 the Unseen, an adept KoEn of Dithmenos (Swamp:3)
  A stone giant (Volcano)
  2 eleionomae
  A deep elf demonologist (Elf:2)
  3 dire elephants (Lair:5)
  Azrael (Orc:2)
  A deep elf annihilator (Elf:2)
  4 bunyips
  Josephine (Orc:2)
  An entropy weaver (shapeshifter) (Elf:2)
  A yaktaur captain (D:15)
  A salamander tyrant (D:14)
  21 hydras
  A ghost crab (Swamp:4)
  3 demonspawn (Orc:2)
  7 alligators
  A sphinx zombie (D:15)
  A catoblepas (Lair:4)
  10 dancing weapons
  2 two-headed ogres
  4 centaur warriors
  An alligator (shapeshifter) (Elf:1)
  9 boulder beetles
  A death yak (shapeshifter) (Elf:1)
  A tengu warrior (D:15)
  19 death yaks
  4 orc high priests (Orc:2)
  2 sun demons
  8 deep elf knights
  A soul eater (Orc:2)
  The ghost of Doumij the Slicer, a novice KoBr of Wu Jian (D:11)
  7 skeletal warriors
  2 skysharks
  A spectral anaconda (Lair:5)
  A spark wasp zombie (D:15)
  A spectral death yak (Lair:5)
  An obsidian statue (Lair:5)
  2 goliath frogs (Swamp:2)
  A flayed ghost (D:15)
  3 deep elf archers
  2 bog bodies
  4 spriggan druids
  13 swamp dragons
  6 orc knights
  A death drake (Swamp:3)
  2 obsidian bats
  8 orc sorcerers
  2 thermic dynamos (Elf:1)
  6 necromancers
  6 cyclopes
  11 deep elf zephyrmancers
  A wolf spider (D:15)
  8 ugly things
  16 deep elf pyromancers
  2 will-o-the-wisps (Swamp:2)
  2 manticores
  Maurice (D:7)
  3 meliai (Lair:4)
  Joseph (D:7)
  8 black mambas
  23 elephants
  2 kobold blastminers (Orc:1)
  A smoke demon (D:14)
  A guardian serpent (shapeshifter) (D:15)
  5 torpor snails
  5 gargoyles
  5 rime drakes
  An orange demon (Orc:2)
  8 cane toads
  A cane toad (shapeshifter) (Elf:1)
  2 efreet (D:14)
  A yaktaur (D:15)
  Jeremiah (D:6)
  A freezing wraith (D:15)
  16 komodo dragons
  A red devil (Orc:2)
  8 tyrant leeches
  A queen bee (Lair:4)
  2 bloated husks
  2 polar bears
  A troll (shapeshifter) (Elf:1)
  16 trolls
  Prince Ribbit (D:9)
  12 blink frogs
  7 hornets
  7 dream sheep (Lair:4)
  Sigmund (D:3)
  17 slime creatures
  4 air elementals
  6 spriggans
  A spriggan (shapeshifter) (D:15)
  7 wraiths
  3 culicivoras (Lair:2)
  56 yaks
  4 centaur simulacra (D:10)
  5 fire elementals
  A vampire (D:11)
  9 wyverns
  An unseen horror simulacrum (D:10)
  4 wargs
  12 basilisks
  9 fire bats (Volcano)
  Grum (D:9)
  11 vampire mosquitoes
  A basilisk (shapeshifter) (Elf:1)
  A steam dragon (D:8)
  A death yak simulacrum (Lair:5)
  14 swamp worms
  2 spectral cane toads (Lair:5)
  An acid dragon (D:11)
  10 water moccasins
  A hell hound (Orc:2)
  26 orc warriors
  10 swamp drakes
  2 laughing skulls (D:15)
  2 black bears
  3 ice beasts
  2 elephant zombies (Lair:5)
  A boggart (D:15)
  10 wolves
  7 ogres
  7 centaurs
  3 phantoms
  3 kobold brigands
  15 bullfrogs
  A brain worm (shapeshifter) (D:15)
  A gnoll sergeant (D:11)
  4 scorpions
  5 earth elementals
  51 killer bees
  An elephant simulacrum (Lair:5)
  2 howler monkeys
  An electric eel (D:10)
  A bombardier beetle (D:4)
  5 lava snakes (Volcano)
  3 jellies
  Crazy Yiuf (D:3)
  18 orc priests
  A hound (D:5)
  3 iguanas
  Jessica (D:2)
  11 orc wizards
  12 hell rats (Lair:5)
  8 adders
  6 gnolls
  A shadow imp (D:8)
  10 white imps
  5 ufetubi
  4 dart slugs
  A ribbon worm (D:2)
  60 orcs
  2 endoplasms
  2 giant cockroaches
  4 goblins
  4 hobgoblins
  10 kobolds
  6 quokkas
  9 ball pythons
  A bat (D:3)
  A frilled lizard (D:2)
  4 rats
912 creatures vanquished.

Vanquished Creatures (others)
  2 foxfires (Swamp:2)
  274 fulminant prisms
276 creatures vanquished.

Grand Total: 1188 creatures vanquished

Notes
Turn   | Place    | Note
-------+----------+-------------------------------------------
     0 | D:1      | rotlqkf the Deep Elf Conjurer began the quest for the Orb.
     0 | D:1      | Reached XP level 1. HP: 10/10 MP: 6/6
   168 | D:1      | Reached XP level 2. HP: 15/15 MP: 4/8
   770 | D:1      | Learned a level 2 spell: Searing Ray
  1120 | D:2      | Reached skill level 5 in Conjurations
  1120 | D:2      | Reached XP level 3. HP: 19/19 MP: 2/10
  1429 | D:2      | Found Teras's Assorted Antiques.
  1438 | D:2      | Bought a scroll labelled DECWAMMUSS for 24 gold pieces
  1637 | D:2      | Noticed Jessica
  1642 | D:2      | Killed Jessica
  1643 | D:2      | Reached XP level 4. HP: 24/24 MP: 5/12
  1702 | D:2      | Got Jessica's Precepts of Interference
  1829 | D:2      | Learned a level 4 spell: Fulminant Prism
  1834 | D:2      | Learned a level 4 spell: Iskenderun's Mystic Blast
  1877 | D:3      | Noticed Sigmund
  1889 | D:3      | Killed Sigmund
  1890 | D:3      | Reached XP level 5. HP: 9/28 MP: 8/14
  1980 | D:3      | Found a runed translucent door.
  1981 | D:3      | Noticed Crazy Yiuf
  2414 | D:3      | Reached XP level 6. HP: 32/32 MP: 10/15
  2734 | D:3      | Killed Crazy Yiuf
  3475 | D:4      | Reached skill level 5 in Alchemy
  3475 | D:4      | Reached XP level 7. HP: 24/36 MP: 3/16
  4000 | D:5      | Entered Level 5 of the Dungeon
  4057 | D:5      | Found an iron altar of Okawaru.
  4230 | D:5      | Reached skill level 6 in Conjurations
  4840 | D:5      | You fall into a shaft and drop 3 floors!
  4854 | D:7      | Reached XP level 8. HP: 25/41 MP: 8/17
  5013 | D:7      | Noticed Maurice
  5026 | D:7      | Reached skill level 7 in Conjurations
  5029 | D:7      | Killed Maurice
  5030 | D:7      | Reached skill level 8 in Conjurations
  5300 | D:6      | Found a sparkling altar of Nemelex Xobeh.
  5407 | D:6      | Found a staircase to the Ecumenical Temple.
  5617 | D:6      | Reached skill level 9 in Conjurations
  5642 | Temple   | Found a transporter.
  5642 | Temple   | Found a transporter.
  5642 | Temple   | Found a transporter.
  5642 | Temple   | Found a transporter.
  5642 | Temple   | Entered the Ecumenical Temple
  5883 | D:6      | Noticed Jeremiah
  5910 | D:6      | Killed Jeremiah
  5911 | D:6      | Reached skill level 10 in Conjurations
  5911 | D:6      | Reached XP level 9. HP: 33/45 MP: 1/18
  6040 | D:6      | Found Haos's Armour Emporium.
  6345 | D:7      | Noticed Joseph
  6369 | D:7      | Killed Joseph
  6370 | D:7      | Reached skill level 11 in Conjurations
  6733 | D:7      | Found a shimmering blue altar of Sif Muna.
  6837 | D:7      | Found a hide-covered altar of Uskayaw.
  6958 | D:8      | Found a snail-covered altar of Cheibriados.
  6979 | D:8      | Reached skill level 12 in Conjurations
  7117 | D:8      | Identified the +3 leather armour of Going Fast {rC+}
  7255 | D:8      | Found a white marble altar of Elyvilon.
  7534 | D:8      | Found a radiant altar of Vehumet.
  7849 | D:8      | Became a worshipper of Vehumet
  7972 | D:9      | Noticed Prince Ribbit
  7980 | D:9      | Killed Prince Ribbit
  7997 | D:9      | Reached skill level 13 in Conjurations
  8213 | D:9      | Reached XP level 10. HP: 50/50 MP: 11/19
  8456 | D:9      | Noticed Grum
  8462 | D:9      | Killed Grum
  8614 | D:9      | Noticed a gargoyle
  8616 | D:9      | Killed a gargoyle
  8620 | D:9      | Reached skill level 14 in Conjurations
  9109 | D:10     | Entered Level 10 of the Dungeon
  9164 | D:10     | Reached * piety under Vehumet
  9164 | D:10     | Offered knowledge of Freeze by Vehumet.
  9343 | D:10     | Reached skill level 15 in Conjurations
  9414 | D:10     | Found a shadowy altar of Dithmenos.
  9430 | D:10     | Noticed a gargoyle
  9438 | D:10     | Found a staircase to the Orcish Mines.
  9439 | D:10     | Killed a gargoyle
  9784 | D:10     | Reached skill level 16 in Conjurations
  9787 | D:10     | Reached XP level 11. HP: 49/54 MP: 2/20
  9897 | D:10     | Offered knowledge of Momentum Strike by Vehumet.
  9899 | D:10     | Reached ** piety under Vehumet
  9988 | D:10     | Found a staircase to the Lair.
 10606 | D:10     | Found an opulent altar of Gozag.
 10905 | D:10     | Learned a level 4 spell: Olgreb's Toxic Radiance
 10940 | Orc:1    | Entered Level 1 of the Orcish Mines
 10940 | Orc:1    | Noticed an orc sorcerer
 10947 | Orc:1    | Killed an orc sorcerer
 10948 | Orc:1    | Reached skill level 5 in Spellcasting
 10948 | Orc:1    | Reached skill level 17 in Conjurations
 11139 | Orc:2    | Entered Level 2 of the Orcish Mines
 11139 | Orc:2    | Noticed Azrael
 11139 | Orc:2    | Found Acvoestann's Distillery.
 11150 | Orc:1    | Gained mutation: You have sharp fingernails. [potion of
                  | mutation]
 11150 | Orc:1    | Gained mutation: You expend magic power (3 MP) to
                  | strengthen your wands. [potion of mutation]
 11150 | Orc:1    | Gained mutation: You are agile. (Dex +4, Str/Int -1)
                  | [potion of mutation]
 11220 | Orc:2    | Noticed an obsidian bat
 11228 | Orc:2    | Killed an obsidian bat
 11232 | Orc:2    | Offered knowledge of Stone Arrow by Vehumet.
 11296 | Orc:2    | Found a dark tunnel.
 11358 | Volcano  | Entered a volcano
 11463 | Volcano  | Learned a level 3 spell: Stone Arrow
 11505 | Volcano  | Reached *** piety under Vehumet
 11793 | Volcano  | Noticed a stone giant
 11826 | Volcano  | Killed a stone giant
 11976 | Volcano  | Noticed an obsidian bat
 11986 | Volcano  | Killed an obsidian bat
 12148 | Volcano  | Found a burning altar of Makhleb.
 12250 | Orc:2    | Noticed Dega's ghost (journeyman SpHu)
 12250 | Orc:2    | Noticed a two-headed ogre
 12250 | Orc:2    | Noticed a two-headed ogre
 12250 | Orc:2    | Identified the +8 great mace "Arcanum" {distort, rElec rC-
                  | Will+ rCorr}
 12250 | Orc:2    | Noticed an ettin
 12251 | Orc:2    | Noticed a two-headed ogre
 12251 | Orc:2    | Noticed a two-headed ogre
 12253 | Orc:2    | Found a transporter.
 12268 | Orc:2    | Found a transporter.
 12462 | Orc:2    | Reached skill level 18 in Conjurations
 12466 | Orc:2    | Noticed Josephine
 12466 | Orc:2    | Noticed a soul eater
 12477 | Orc:2    | Killed Josephine
 12478 | Orc:2    | Reached XP level 12. HP: 59/59 MP: 17/27
 12582 | Orc:2    | Offered knowledge of Hailstorm by Vehumet.
 12639 | Orc:2    | Reached skill level 10 in Spellcasting
 12682 | Orc:2    | Found Gocsosh's General Store.
 12684 | Orc:2    | Found Ubepeups's Distillery.
 12730 | Orc:2    | Bought a potion of mutation for 112 gold pieces
 12732 | Orc:2    | Bought a potion of heal wounds for 65 gold pieces
 12732 | Orc:2    | Bought a potion of curing for 39 gold pieces
 12732 | Orc:2    | Bought a potion of heal wounds for 65 gold pieces
 12759 | Orc:2    | Lost mutation: You expend magic power (3 MP) to strengthen
                  | your wands. [potion of mutation]
 12759 | Orc:2    | Lost mutation: You have sharp fingernails. [potion of
                  | mutation]
 12759 | Orc:2    | Gained mutation: Your muscles are strong. (Str +4, Int/Dex
                  | -1) [potion of mutation]
 12759 | Orc:2    | Gained mutation: You passively map a small area around you.
                  | [potion of mutation]
 13020 | Orc:2    | Found a staircase to the Elven Halls.
 13036 | Orc:2    | Killed Azrael
 13043 | Orc:2    | Reached **** piety under Vehumet
 13175 | Orc:2    | Bought a potion of mutation for 128 gold pieces
 13175 | Orc:2    | Bought a potion of resistance for 160 gold pieces
 13175 | Orc:2    | Lost mutation: You are agile. (Dex +4, Str/Int -1) [potion
                  | of mutation]
 13175 | Orc:2    | Lost mutation: Your muscles are strong. (Str +4, Int/Dex
                  | -1) [potion of mutation]
 13175 | Orc:2    | Gained mutation: You are occasionally teleported next to
                  | monsters. [potion of mutation]
 13175 | Orc:2    | Gained mutation: You are strong-willed. (Will+) [potion of
                  | mutation]
 13354 | Orc:2    | Offered knowledge of Inner Flame by Vehumet.
 13362 | Orc:2    | Noticed an orc high priest
 13368 | Orc:2    | Killed an orc high priest
 13406 | Orc:2    | Noticed an orc high priest
 13413 | Orc:2    | Reached skill level 19 in Conjurations
 13415 | Orc:2    | Killed an orc high priest
 13522 | Orc:2    | Noticed a demonspawn
 13531 | Orc:2    | Killed a demonspawn
 13559 | Orc:2    | Noticed an orc high priest
 13564 | Orc:2    | Killed an orc high priest
 13574 | Orc:2    | Reached XP level 13. HP: 63/63 MP: 16/32
 13749 | Orc:2    | Found Eteateukk's Antique Armour Emporium.
 13749 | Orc:2    | Found Osket's Book Shoppe.
 13750 | Orc:2    | Found a one-way gate leading to the halls of Pandemonium.
 14402 | D:11     | Reached skill level 20 in Conjurations
 14863 | D:11     | Noticed Doumij's ghost (novice KoBr)
 14864 | D:11     | Found a runed translucent door.
 14932 | D:11     | Killed Doumij's ghost
 14933 | D:11     | Reached skill level 15 in Spellcasting
 15262 | Lair:1   | Entered Level 1 of the Lair of Beasts
 15417 | Lair:1   | Reached ***** piety under Vehumet
 15417 | Lair:1   | Offered knowledge of Ignite Poison by Vehumet.
 15695 | Lair:1   | Reached skill level 21 in Conjurations
 16574 | Lair:2   | Reached XP level 14. HP: 56/68 MP: 21/35
 16685 | Lair:2   | Found an iron altar of Okawaru.
 16780 | Lair:2   | Lost mutation: You are strong-willed. (Will+) [potion of
                  | mutation]
 16780 | Lair:2   | Lost mutation: You passively map a small area around you.
                  | [potion of mutation]
 16780 | Lair:2   | Gained mutation: Your body sometimes deteriorates upon
                  | taking damage. [potion of mutation]
 16780 | Lair:2   | Gained mutation: Your flesh is heat resistant. (rF+)
                  | [potion of mutation]
 16780 | Lair:2   | Gained mutation: You are frail. (-10% HP) [potion of
                  | mutation]
 16780 | Lair:2   | Gained mutation: You have large cloven feet. [potion of
                  | mutation]
 16913 | Lair:2   | Found a hole to the Spider Nest.
 17312 | Lair:3   | Identified the +8 long sword of Batsoext {drain, Will+
                  | Str-4 Dex+2}
 17363 | Lair:3   | Found a staircase to the Swamp.
 17371 | Lair:3   | Reached skill level 22 in Conjurations
 17636 | Lair:3   | Offered knowledge of Conjure Ball Lightning by Vehumet.
 17979 | Lair:3   | Reached skill level 23 in Conjurations
 18246 | Lair:3   | Learned a level 6 spell: Conjure Ball Lightning
 18377 | Lair:4   | Noticed Rupert
 18380 | Lair:4   | Reached skill level 1 in Air Magic
 18389 | Lair:4   | Killed Rupert
 18577 | Lair:4   | Reached skill level 5 in Air Magic
 19178 | Lair:4   | Reached XP level 15. HP: 64/64 MP: 37/37
 19357 | Lair:4   | Offered knowledge of Plasma Beam by Vehumet.
 19939 | Lair:5   | Entered Level 5 of the Lair of Beasts
 20118 | Lair:5   | Identified the +2 buckler of the Doldrums {Fly rC+ Will+}
 20149 | Lair:5   | Reached ****** piety under Vehumet
 20634 | Lair:5   | Found a staircase to the Slime Pits.
 20648 | Lair:5   | Found a viscous altar of Jiyva.
 20898 | Lair:5   | Learned a level 6 spell: Plasma Beam
 21602 | Lair:5   | Reached skill level 10 in Air Magic
 21737 | Lair:5   | Identified a scroll of acquirement
 21738 | Lair:5   | Acquired 260 gold pieces
 21806 | Lair:5   | Identified the ring of Liberty {*Slow rF++ rN+ Int+3 Dex+6}
 22232 | D:12     | Reached skill level 1 in Fire Magic
 22431 | D:12     | Offered knowledge of Permafrost Eruption by Vehumet.
 22611 | D:12     | Lost mutation: You have large cloven feet. [potion of
                  | mutation]
 22611 | D:12     | Lost mutation: Your flesh is heat resistant. (rF+) [potion
                  | of mutation]
 22611 | D:12     | Gained mutation: You sometimes lose your temper in combat.
                  | [potion of mutation]
 22611 | D:12     | Gained mutation: You are agile. (Dex +4, Str/Int -1)
                  | [potion of mutation]
 23400 | D:13     | Reached XP level 16. HP: 68/68 MP: 30/40
 23578 | D:13     | Reached skill level 5 in Fire Magic
 23708 | D:13     | Found a gate to the Vaults.
 24176 | D:14     | Identified the +0 demon whip "Ecyucaus" {flame, *Rage rElec
                  | rF+++ Int-4}
 25038 | D:15     | Entered Level 15 of the Dungeon
 25038 | D:15     | Found a staircase to the Depths.
 25248 | D:15     | Noticed Louise
 25252 | D:15     | Killed Louise
 25255 | D:14     | Lost mutation: You are occasionally teleported next to
                  | monsters. [potion of mutation]
 25255 | D:14     | Lost mutation: You are agile. (Dex +4, Str/Int -1) [potion
                  | of mutation]
 25255 | D:14     | Lost mutation: You are frail. (-10% HP) [potion of
                  | mutation]
 25255 | D:14     | Gained mutation: Your body often deteriorates upon taking
                  | damage. [potion of mutation]
 25497 | D:15     | Identified the +6 mace of Ignis's Outrage {heavy, Fly
                  | rElec}
 26334 | D:15     | Reached skill level 10 in Fire Magic
 26422 | D:15     | Offered knowledge of Orb of Destruction by Vehumet.
 26568 | D:15     | Identified the amulet "Nuecow" {Acrobat rElec Dex+3}
 26764 | Elf:1    | Entered Level 1 of the Elven Halls
 26847 | Elf:1    | Noticed Donald
 26850 | Elf:1    | Killed Donald
 26865 | Elf:1    | Noticed Frances
 26871 | Elf:1    | Killed Frances
 27009 | Swamp:1  | Entered Level 1 of the Swamp
 27116 | Swamp:1  | Reached skill level 15 in Air Magic
 28238 | Swamp:2  | Identified the serpent talisman of Taraiklo {rN++ SInv}
 28238 | Swamp:2  | Noticed Aizul
 28253 | Swamp:2  | Killed Aizul
 28608 | Swamp:2  | Lost mutation: You sometimes lose your temper in combat.
                  | [potion of mutation]
 28608 | Swamp:2  | Lost mutation: Your body often deteriorates upon taking
                  | damage. [potion of mutation]
 28608 | Swamp:2  | Lost mutation: Your body sometimes deteriorates upon taking
                  | damage. [potion of mutation]
 28608 | Swamp:2  | Gained mutation: Your spells are a little harder to cast,
                  | but a little more powerful. [potion of mutation]
 28608 | Swamp:2  | Gained mutation: You have a pair of small horns on your
                  | head. [potion of mutation]
 28608 | Swamp:2  | Gained mutation: You sometimes lose your temper in combat.
                  | [potion of mutation]
 28698 | Swamp:3  | Reached XP level 17. HP: 80/80 MP: 19/41
 28837 | Swamp:3  | Found a runed translucent gate.
 28873 | Swamp:3  | Found a runed translucent gate.
 28873 | Swamp:3  | Found a runed translucent gate.
 28881 | Swamp:3  | Noticed korenl137's ghost (adept KoEn)
 29431 | Swamp:3  | Killed korenl137's ghost
 29559 | Swamp:4  | Entered Level 4 of the Swamp
 29765 | Swamp:4  | Offered knowledge of Arcjolt by Vehumet.
 29853 | Swamp:4  | Noticed the 27-headed Lernaean hydra
 29866 | Swamp:4  | Killed the 27-headed Lernaean hydra
 30545 | Swamp:4  | Got a decaying rune of Zot
 31469 | Elf:1    | Identified the +0 pearl dragon scales of Gravity {-Tele rN+
                  | Regen+ rCorr Slay+2}
 32588 | Elf:2    | Offered knowledge of Ozocubu's Refrigeration by Vehumet.
 32747 | Elf:2    | Reached XP level 18. HP: 77/85 MP: 10/45
 32941 | Elf:2    | Slain by a +3 glaive of venom

Illustrated notes

Levels and vault maps discovered:
D:1:      scummos_arrival_forest, layout_basic
D:2:      layout_basic, serial_shops, shop, kennysheep_jessica_study
D:3:      layout_basic, fountainhead, kennysheep_generic_room_14,
          uniq_crazy_yiuf_cottage, uniq_sigmund
D:4:      minmay_recursive_quarters, layout_layer_cave, minmay_misc_feat_alley
D:5:      layout_rooms, mainiacjoe_overflow_cross_hatched,
          minmay_misc_feat_plants, minmay_small_thing
D:6:      layout_gridville, mainiacjoe_overflow_brackets, temple_pool_b,
          serial_shops, nicolae_shop_gibbet_a_chance, uniq_jeremiah
D:7:      layout_rooms, mainiacjoe_overflow_boulevard, amcnicky_altar_gilded,
          uniq_joseph, uniq_maurice
D:8:      layout_basic, vehumet_crystals, lemuel_tele_altar, cheibriados_altar_1
D:9:      layout_basic, uniq_prince_ribbit1, uniq_grum
D:10:     layout_basic, grunt_dithmenos_smoke, lemuel_crystal_altar,
          minmay_lair_entry_grove, serial_ice, serial_ice_a, serial_ice_c,
          serial_ice_i, serial_ice_d, serial_ice_o, serial_ice_h, serial_ice_n,
          serial_ice_b, serial_ice_m, serial_ice_g, due_unseen_surprise
D:11:     layout_loops_ring, ebering_ghost_inner_flame
D:12:     minmay_skewed_foursquare, layout_gridville
D:13:     layout_rooms, david_vaults_1, serial_bayou_crossing
D:14:     minmay_firetagon, layout_basic
D:15:     gammafunk_depths_entry_grave, layout_irregular_city,
          minmay_hollow_rounded_squares, uniq_louise
Temple:   hellmonk_temple_divided_pantheon
Lair:1:   layout_regular_city, beast_lair_carwin_6, lemuel_fruit_tree,
          infiniplex_staircase_pool_2
Lair:2:   layout_chaotic_city, hellmonk_spider_entry_life_and_decay, basic_altar
Lair:3:   layout_cellular_growth, skrybe_swamp_entry_bodies
Lair:4:   hangedman_what_comes_after_a, layout_small_grid, uniq_rupert
Lair:5:   due_jungle_book, layout_regular_city, minmay_slime_entry_pillars,
          hibernation_bobbens
Swamp:1:  layout_falls_marsh, hangedman_swamp_pad, swamp_pool_1_2,
          hangedman_swamp_lotus
Swamp:2:  layout_basic_swamp, nicolae_swamp_little_swirl, uniq_aizul
Swamp:3:  layout_basic_swamp, gammafunk_ghost_hydra_chop,
          evilmike_swamp_ruin_house_1, swamp_pool_1_2
Swamp:4:  swamp_old_school, layout_basic_swamp, swamp_pool_4
Orc:1:    layout_caves
Orc:2:    pf_orc_diabolical, layout_caves, serial_shops, shop,
          lightli_volcano_entry_magma_tube, gammafunk_ghost_smash,
          uniq_josephine, uniq_azrael
Elf:1:    eino_elf_arrival_the_gate, layout_onion_city, kilobyte_rumbling_trees,
          uniq_donald, uniq_frances
Elf:2:    elven_hall_of_blades_hangedman_original [nooodl_blade_entry_preview],
          layout_loops_ring, basic_altar

Skill      XL: |  1  2  3  4  5  6  7  8  9 10 11 12 13 14 15 16 17 |
---------------+----------------------------------------------------+-----
Spellcasting   | 4 9 13 15 16 18 21 | 21.4
Conjurations   | 5 6 10 13 16 18 19 21 23 | 23.0
Translocations | 3 4 |  4.0
Alchemy        | 3 5 6 8 |  8.0
Air Magic      | 6 12 16 18 | 18.0
Fire Magic     | 4 10 | 10.0
Dodging        | |  2.4
Stealth        | |  2.4

Action                     |  1- 3 |  4- 6 |  7- 9 | 10-12 | 13-15 | 16-18 || total
---------------------------+-------+-------+-------+-------+-------+-------++-------
  Melee: Staff             |       |       |     3 |    11 |    16 |       ||    30
         Kick              |       |       |       |       |     2 |       ||     2
   Cast: Magic Dart        |    48 |    42 |    52 |     3 |       |       ||   145
         Searing Ray       |     1 |    13 |    29 |     1 |       |       ||    44
         Fulminant Prism   |       |       |    19 |    81 |   147 |    27 ||   274
         Iskenderun's Myst |       |       |     7 |    63 |   162 |    38 ||   270
         Stone Arrow       |       |       |       |    18 |   108 |     8 ||   134
         Olgreb's Toxic Ra |       |       |       |    32 |    86 |       ||   118
         Plasma Beam       |       |       |       |       |       |   307 ||   307
  Evoke: Wand              |       |       |     5 |     1 |       |       ||     6
    Use: Potion            |       |       |     3 |     3 |     5 |     5 ||    16
         Scroll            |       |       |       |    10 |    11 |     9 ||    30
 Armour: Robe              |     1 |     7 |    37 |       |       |       ||    45
         Steam dragon scal |       |       |     1 |    58 |       |       ||    59
         Troll leather arm |       |       |       |     6 |    95 |    62 ||   163
  Dodge: Dodged            |     1 |     7 |    23 |    39 |    42 |    41 ||   153

Table legend: (Time is in decaauts)
 A = Elapsed time spent in this place.
 B = Non-inter-level travel time spent in this place.
 C = Inter-level travel time spent in this place.
 D = Time resting spent in this place.
 E = Time spent auto-exploring this place.
 F = Levels seen in this place.
 G = Mean time per level.
                   A        B        C        D        E       F      G
               +--------+--------+--------+--------+--------+-----+--------+
         Total |  33251 |  31140 |   2111 |   1072 |  25451 |  30 | 1108.4 |
       Dungeon |  16623 |  15626 |    997 |    255 |  13518 |  15 | 1108.2 |
        Temple |     82 |     82 |      0 |     69 |      0 |   1 |   82.0 |
          Lair |   7093 |   6564 |    529 |    149 |   5071 |   5 | 1418.6 |
         Swamp |   3712 |   3470 |    242 |    108 |   2978 |   4 |  928.0 |
  Orcish Mines |   2673 |   2412 |    261 |    211 |   1604 |   2 | 1336.5 |
   Elven Halls |   2249 |   2168 |     81 |      0 |   1929 |   2 | 1124.5 |
       Volcano |    817 |    817 |      0 |    280 |    350 |   1 |  817.0 |
               +--------+--------+--------+--------+--------+-----+--------+

Top non-repeatable levels by time:
   Orc:2: 1980 daAuts
  Lair:5: 1934 daAuts
   Elf:1: 1727 daAuts
  Lair:4: 1725 daAuts
    D:10: 1656 daAuts
    D:14: 1547 daAuts
     D:9: 1452 daAuts
  Lair:3: 1364 daAuts
    D:15: 1351 daAuts
     D:4: 1222 daAuts
 Swamp:4: 1194 daAuts
  Lair:1: 1142 daAuts
    D:12: 1118 daAuts
     D:6: 1113 daAuts
     D:8: 1042 daAuts
